Map: Catalisador LE

Players

IagoAbreu - Winner!

  • Race: Zerg Zerg
  • League: Gold
  • Spawn Location: 11:00

Sosuke

  • Race: Zerg Zerg
  • Spawn Location: 5:00

VOD

Have the link to the VOD?

Description

Time

  • Played on: April 3, 2018, 10:54 p.m.
  • Length: 19:11
Show
View Real Time Build Order
Export as new Build Order

IagoAbreu Zerg - Winner!

Build Orders: Hatch First 

Get SALT Encoding   

  12  0:02  Drone  
  13  0:14  Overlord  
  13  0:17  Drone  
  14  0:46  Drone  
  16  0:50  Hatchery, Drone  
  16  0:55  Drone  
  16  1:06  Drone  
  17  1:14  Spawning Pool  
  17  1:17  Drone  
  17  1:21  Extractor  
  17  1:24  Drone  
  17  1:32  Drone  
  18  1:40  Drone  
  19  1:51  Drone  
  20  2:00  Queen  
  22  2:04  Drone  
  22  2:05  Queen  
  22  2:06  Drone  
  26  2:13  Roach Warren  
  25  2:16  Drone  
  26  2:25  Drone  
  26  2:27  Zergling x2  
  28  2:30  Overlord  
  28  2:56  Drone x4  
  32  2:59  Extractor  
  32  3:05  Evolution Chamber  
  30  3:07  Drone x2  
  30  3:08  Drone  
  33  3:20  Drone x3  
  33  3:22  Overlord  
  35  3:33  Zerg Melee Weapons Level 1  
  32  3:41  Zergling x10  
  31  3:48  Drone x3  
  31  3:59  Drone x3  
  33  4:11  Drone  
  33  4:12  Queen  
  33  4:13  Queen  
  38  4:26  Drone x2  
  40  4:31  Roach x2  
  40  4:32  Overlord  
  40  4:38  Overlord  
  44  4:53  Queen  
  46  5:03  Drone  
  46  5:04  Drone  
  46  5:07  Drone x3  
  49  5:10  Hatchery  
  49  5:15  Zergling x2  
  49  5:27  Zerg Missile Weapons Level 1  
  49  5:30  Roach x3  
  49  5:31  Roach x2  
  49  5:32  Overlord x2  
  49  5:34  Overlord  
  59  6:06  Metabolic Boost  
  59  6:12  Roach x5  
  59  6:13  Roach x5  
  79  6:23  Lair  
  79  6:24  Evolution Chamber  
  78  6:25  Burrow  
  78  7:01  Drone x3  
  80  7:14  Zergling x6  
  80  7:15  Zergling x6  
  86  7:17  Roach x2  
  86  7:20  Roach, Overlord x2  
  90  7:54  Drone x3  
  90  7:57  Drone x3  
  95  8:04  Ravager x6  
  101  8:11  Extractor  
  100  8:14  Drone  
  100  8:15  Roach x11, Drone x2, Extractor  
  82  9:08  Zergling x12  
  82  9:09  Roach x5, Zergling x6  
  93  9:37  Queen  
  89  9:38  Queen  
  89  9:40  Queen  
  81  10:01  Spire  
  81  10:04  Roach x8  
  81  10:05  Zergling x6  
  81  10:06  Zergling x8  
  103  10:35  Zerg Melee Weapons Level 2  
  103  10:37  Zerg Missile Weapons Level 2  
  103  10:51  Overlord x2  
  103  10:52  Overlord x4  
  103  11:06  Overlord x4  
  103  11:09  Queen x3  
  109  11:20  Zerg Flyer Weapons Level 1  
  109  11:24  Extractor  
  108  11:26  Drone x5  
  108  11:27  Extractor  
  112  11:32  Corruptor  
  112  11:33  Corruptor x3  
  112  11:35  Zergling x10  
  125  12:07  Zergling x8  
  125  12:08  Corruptor x3  
  129  12:09  Corruptor  
  129  12:11  Roach x2  
  141  12:20  Overseer x2  
  141  12:21  Overseer  
  141  12:41  Zergling x12  
  141  12:42  Zergling x12  
  153  12:58  Queen  
  153  13:01  Queen  
  157  13:08  Corruptor  
  157  13:09  Corruptor x2  
  157  13:10  Roach x4, Zergling x4  
  157  13:11  Zergling x10  
  178  13:17  Overlord  
  178  13:52  Ravager x8  
  178  13:55  Overlord x4  
  186  13:56  Overlord  
  186  13:57  Overlord x2  
  186  14:22  Hatchery  
  185  14:33  Glial Reconstitution  
  185  14:36  Zerg Flyer Weapons Level 2  
  185  14:45  Infestation Pit  
  184  14:52  Queen  
  186  15:07  Ravager x6  
  188  15:08  Ravager x6  
  188  15:09  Ravager x2  
  200  15:27  Hive  
Show
View Real Time Build Order
Export as new Build Order

Sosuke Zerg 

Build Orders: Pool First 

Get SALT Encoding   

  12  0:04  Drone  
  13  0:09  Drone  
  14  0:16  Overlord  
  14  0:25  Extractor  
  14  0:27  Extractor  
  14  0:28  Drone  
  13  0:30  Drone  
  14  0:38  Drone  
  15  0:58  Spawning Pool  
  15  0:59  Drone  
  15  1:01  Drone  
  16  1:10  Drone  
  17  1:33  Hatchery  
  16  1:41  Drone x2  
  18  2:04  Zergling x6  
  21  2:18  Lair  
  21  2:21  Zergling x2  
  22  2:30  Overlord  
  22  2:53  Drone  
  22  2:55  Drone x2  
  25  3:18  Drone x2  
  25  3:19  Drone  
  26  3:48  Drone x2  
  27  4:07  Zergling x6  
  29  4:11  Zergling x4  
  31  4:37  Drone x2  
  33  4:43  Drone  
  33  4:44  Drone x2  
  36  5:11  Extractor  
  36  5:13  Hatchery, Extractor  
  31  5:19  Hatchery  
  27  5:27  Drone x3  
  30  5:30  Drone x3  
  33  5:41  Hatchery  
  32  5:56  Evolution Chamber  
  31  5:59  Hydralisk Den  
  30  6:10  Infestation Pit  
  29  6:17  Drone x3, Spire  
  31  6:30  Hydralisk x3  
  34  6:51  Overlord x3  
  34  7:03  Drone  
  34  7:04  Hydralisk x2  
  39  7:12  Zerg Ground Armor Level 1  
  39  7:15  Muscular Augments  
  39  7:34  Spine Crawler  
  38  7:42  Hydralisk x3  
  44  7:46  Mutalisk x3  
  48  8:37  Overseer  
  32  8:49  Mutalisk  
  32  8:50  Mutalisk x2  
  28  9:06  Zerg Missile Weapons Level 1  
  28  9:11  Drone  
  28  9:12  Drone x2  
  16  10:03  Drone x3  
  19  10:07  Drone x3  
  22  10:30  Drone x2  
  24  10:38  Drone x3  
  27  10:51  Drone  
  27  10:52  Drone  
  29  11:03  Drone  
  29  11:04  Drone, Extractor  
  31  11:10  Drone  
  31  11:21  Extractor  
  30  11:31  Drone  
  30  11:32  Drone  
  32  11:36  Hatchery x2  
  32  11:39  Drone x2  
  33  11:40  Drone  
  33  12:21  Drone x3, Extractor  
  35  12:23  Hatchery  
  35  12:27  Overlord x3  
  34  12:49  Drone  
  35  13:01  Drone x3  
  38  13:15  Drone x2  
  40  13:35  Drone x2  
  42  13:44  Drone x3  
  42  13:48  Drone x2  
  47  13:57  Drone x2  
  49  14:10  Drone x2  
  49  14:16  Drone x2  
  53  14:20  Drone x3  
  56  14:30  Drone x2  
  58  14:37  Extractor  
  57  14:43  Drone x2  
  59  14:51  Drone  
  59  14:52  Drone  
  61  14:57  Pneumatized Carapace  
  61  15:03  Grooved Spines  
  61  15:05  Zerg Flyer Armor Level 1  
  61  15:29  Drone x2  
  61  15:30  Drone  
  54  15:57  Hydralisk x5  
  54  15:58  Hydralisk x6  
  54  15:59  Hydralisk  
Tags
 
Add a new tag
Caveats
  • Supply blocks, unpowered buildings, or Contaminate may cause inaccurate times.
  • Supply counts are checked every 10 seconds.